 Dungeon Crawl Stone Soup version 0.27.1-2-g3b301248ec (webtiles) character file.

Game seed: 2162484426048243343

78 MisterFreud the Shield-Bearer (level 4, 0/36 HPs)
             Began as a Gnoll Fighter on Sept 27, 2021.
             Was a Believer of Ru.
             Slain by an ice beast (11 damage)
             ... on level 3 of the Dungeon.
             The game lasted 00:02:23 (1858 turns).

MisterFreud the Shield-Bearer (Gnoll Fighter)       Turns: 1858, Time: 00:02:23

Health: 0/36       AC:  7    Str: 15    XL:     4   Next: 36%
Magic:  14/14      EV:  8    Int:  8    God:    Ru [**....]
Gold:   101        SH: 10    Dex: 12    Spells: 5/5 levels left

rFire    . . .     SeeInvis .   a - +0 rapier
rCold    . . .     Faith    .   c - +0 kite shield
rNeg     . . .     Spirit   .   b - +0 scale mail
rPois    .         Reflect  .   (no helmet)
rElec    .         Harm     .   (no cloak)
rCorr    .         Rampage  .   (no gloves)
Will     .....                  (no boots)
Stlth    ..........             (no amulet)
HPRegen  0.12/turn              g - ring of magical power
MPRegen  0.14/turn              (no ring)

@: no status effects
A: fangs 1, frail 1, strong nose, distributed training
a: Renounce Religion


You were on level 3 of the Dungeon.
You worshipped Ru.
Ru was pleased with you.
You visited 1 branch of the dungeon, and saw 3 of its levels.

You collected 101 gold pieces.

Inventory:

Hand Weapons
 a - a +0 rapier (weapon)
 k - a +2 mace of protection
Armour
 b - a +0 scale mail (worn)
 c - a +0 kite shield (worn)
Jewellery
 g - a ring of magical power (left hand)
Scrolls
 h - 3 scrolls of blinking {unknown}
 j - a scroll of identify {unknown}
 m - a scroll of teleportation {unknown}
 n - a scroll of immolation {unknown}
 o - a scroll of torment {unknown}
Potions
 d - 2 potions of might
 e - 3 potions of haste {unknown}
 f - a potion of invisibility {unknown}
 i - a potion of berserk rage {unknown}
 l - 2 potions of heal wounds {unknown}


   Skills:
 + Level 6.6 Fighting
 + Level 4.6 Short Blades
 + Level 1.1 Long Blades
 + Level 1.1 Axes
 + Level 1.1 Maces & Flails
 + Level 1.1 Polearms
 + Level 1.1 Staves
 + Level 1.1 Slings
 + Level 1.1 Bows
 + Level 1.1 Crossbows
 + Level 1.1 Throwing
 + Level 6.6 Armour
 + Level 1.1 Dodging
 + Level 1.1 Stealth
 + Level 6.6 Shields
 + Level 1.1 Unarmed Combat
 + Level 1.1 Spellcasting
 + Level 0.8 Conjurations
 + Level 0.8 Hexes
 + Level 0.8 Summonings
 + Level 0.8 Necromancy
 + Level 0.8 Translocations
 + Level 0.8 Transmutations
 + Level 0.8 Fire Magic
 + Level 0.8 Ice Magic
 + Level 0.8 Air Magic
 + Level 0.8 Earth Magic
 + Level 0.8 Poison Magic
 + Level 1.2 Invocations
 + Level 1.1 Evocations


You had 5 spell levels left.
You didn't know any spells.
Your spell library contained the following spells:

 Spells                   Type           Power      Damage    Failure   Level
 Gell's Gravitas          Tloc           0%         N/A       100%        3
 Lesser Beckoning         Tloc           0%         N/A       100%        3
 Teleport Other           Tloc           1%         N/A       100%        3


Dungeon Overview and Level Annotations

Branches:
Dungeon (3/15)

Altars:
Ru


Innate Abilities, Weirdness & Mutations

You have very sharp teeth.
You are frail. (-10% HP)
Your uncanny sense of smell can sniff out nearby items.
Your experience applies equally to all skills.


Message History

The ice beast is lightly wounded.
You block the ice beast's attack.
You hit the ice beast but do no damage.
The ice beast is lightly wounded.
The ice beast hits you. The ice beast freezes you.
Okay, then.
Okay, then.
The ice beast closely misses you.
You see here 17 stones.
There is a stone staircase leading up here.
You hit the ice beast but do no damage. The ice beast closely misses you.
You hit the ice beast.
The ice beast is lightly wounded.
You block the ice beast's attack.
You hit the ice beast but do no damage.
You bite the ice beast, but do no damage.
The ice beast is lightly wounded.
The ice beast is stunned by your conviction and fails to attack.
You hit the ice beast but do no damage.
The ice beast is lightly wounded.
You block the ice beast's attack. x2
You barely miss the ice beast.
The ice beast is lightly wounded.
The ice beast barely misses you.
You hit the ice beast but do no damage. Your bite misses the ice beast.
The ice beast is lightly wounded.
You block the ice beast's attack.
You completely miss the ice beast. Your bite misses the ice beast.
The ice beast is lightly wounded.
The ice beast hits you. The ice beast freezes you!
You hit the ice beast but do no damage.
The ice beast is lightly wounded.
You block the ice beast's attack.
You hit the ice beast. You bite the ice beast.
The ice beast is moderately wounded.
The ice beast hits you but does no damage.
You puncture the ice beast!
The ice beast is severely wounded.
The ice beast hits you. The ice beast freezes you!
You die...

.......#....# #.......###.#.
###.##...#..## #..#.......###
#.####..⌠..#######..#.##.###.#.
#.####.#.÷......(.....##.##....
#.........##...<..........#....
#########.##.##..#..##.#..#....
#.##.......>......#....
#.#####...#....##.#....
#....Y@...#.......###..
########..#.......# ###
#..........# ##.#.......#
#.#.......# #.#.......#
#.#.......# #.######### #.#


You could see an ice beast.

Vanquished Creatures
  A hound skeleton (D:2)
  3 adders (D:3)
  An orc (D:3)
  2 ball pythons (D:3)
  4 endoplasms
  A giant cockroach (D:1)
  A goblin (D:1)
  A hobgoblin (D:1)
  5 jackals
  2 quokkas (D:1)
  6 bats
  2 frilled lizards
  3 kobolds
  4 rats (D:1)
36 creatures vanquished.

Vanquished Creatures (others)
  A fungus (D:1)
  A plant (D:1)
2 creatures vanquished.

Grand Total: 38 creatures vanquished

Notes
Turn   | Place    | Note
-------+----------+-------------------------------------------
     0 | D:1      | MisterFreud the Gnoll Fighter began the quest for the Orb.
     0 | D:1      | Reached XP level 1. HP: 23/23 MP: 1/1
   171 | D:1      | Reached XP level 2. HP: 29/29 MP: 2/2
   329 | D:1      | Found a faded altar of an unknown god.
   827 | D:1      | Became a worshipper of Ru the Awakened
   852 | D:1      | Gained mutation: You are frail. (-10% HP) [Ru sacrifice]
   852 | D:1      | Reached * piety under Ru
   852 | D:1      | Reached ** piety under Ru
  1033 | D:2      | Reached XP level 3. HP: 31/31 MP: 3/3
  1188 | D:2      | Reached skill level 1 in Invocations
  1629 | D:3      | Reached skill level 1 in Long Blades
  1629 | D:3      | Reached skill level 1 in Axes
  1629 | D:3      | Reached skill level 1 in Maces & Flails
  1629 | D:3      | Reached skill level 1 in Polearms
  1629 | D:3      | Reached skill level 1 in Staves
  1629 | D:3      | Reached skill level 1 in Slings
  1629 | D:3      | Reached skill level 1 in Bows
  1629 | D:3      | Reached skill level 1 in Crossbows
  1629 | D:3      | Reached skill level 1 in Throwing
  1629 | D:3      | Reached skill level 1 in Dodging
  1629 | D:3      | Reached skill level 1 in Stealth
  1629 | D:3      | Reached skill level 1 in Unarmed Combat
  1629 | D:3      | Reached skill level 1 in Spellcasting
  1629 | D:3      | Reached skill level 1 in Evocations
  1679 | D:3      | Reached XP level 4. HP: 36/36 MP: 5/5
  1766 | D:3      | Noticed an ice beast
  1858 | D:3      | Slain by an ice beast

Illustrated notes

Levels and vault maps discovered:
D:1:      erik_arrival_triangle_huge, layout_loops_ring,
          shapermc_ecumenical_altar_mp_urbaneastern, serial_glass,
          glass_columns_a, glass_columns_a, glass_columns_c, glass_columns_a,
          glass_columns_a, glass_columns_c
D:2:      layout_rooms
D:3:      layout_loops_cross, mainiacjoe_overflow_alcove_2, serial_shops,
          nicolae_shop_overgrown_old_shop, hangedman_feature_mirror

Skill      XL: |  1  2  3 |
---------------+----------+-----
Invocations    | 1 |  1.2
Long Blades    | 1 |  1.1
Axes           | 1 |  1.1
Maces & Flails | 1 |  1.1
Polearms       | 1 |  1.1
Staves         | 1 |  1.1
Slings         | 1 |  1.1
Bows           | 1 |  1.1
Crossbows      | 1 |  1.1
Throwing       | 1 |  1.1
Dodging        | 1 |  1.1
Stealth        | 1 |  1.1
Unarmed Combat | 1 |  1.1
Spellcasting   | 1 |  1.1
Evocations     | 1 |  1.1
Fighting       | |  6.6
Short Blades   | |  4.6
Armour         | |  6.6
Shields        | |  6.6
Conjurations   | |  0.8
Hexes          | |  0.8
Summonings     | |  0.8
Necromancy     | |  0.8
Translocations | |  0.8
Transmutations | |  0.8
Fire Magic     | |  0.8
Ice Magic      | |  0.8
Air Magic      | |  0.8
Earth Magic    | |  0.8
Poison Magic   | |  0.8

Action                   |  1- 3 |  4- 6 || total
-------------------------+-------+-------++-------
Melee: Rapier            |   105 |    27 ||   132
       Bite              |     6 |     5 ||    11
Invok: Sacrifice Health  |     1 |       ||     1
Armor: Scale mail        |    41 |     5 ||    46
Dodge: Dodged            |    37 |     9 ||    46
Block: Kite shield       |    49 |    13 ||    62
